 Dungeon Crawl Stone Soup version 0.30.0-19-g36f170ea60 (webtiles) character file.

Game seed: 4572700686562703431

4463 cheesebisquit the Earth Mage (level 10, -1/53 HPs)
             Began as a Gargoyle Earth Elementalist on May 27, 2023.
             Was a Believer of Vehumet.
             Slain by a yak (8 damage)
             ... on level 8 of the Dungeon.
             The game lasted 00:28:27 (11200 turns).

cheesebisquit the Earth Mage (GrEE)                Turns: 11200, Time: 00:28:27

Health: -1/53      AC: 13    Str: 14    XL:     10   Next: 37%
Magic:  2/13       EV: 11    Int: 20    God:    Vehumet [**....]
Gold:   394        SH:  0    Dex: 10    Spells: 3/13 levels left

rFire   . . .        P - +7 mace "Foskut" {flame, +Blink Str+2 SInv}
rCold   . . .        (no shield)
rNeg    + . .        L - +0 steam dragon scales
rPois   ∞            (no helmet)
rElec   +            (no cloak)
rCorr   .            (no gloves)
SInv    +            K - +0 pair of boots
Will    .....        (no amulet)
Stlth   ++           r - ring of wizardry
HPRegen 0.28/turn    y - ring of flight
MPRegen 0.13/turn

%: wizardry (x1)
@: flying
A: sickness immunity, AC +7, negative energy resistance 1, electricity
resistance, torment resistance 1, petrification resistance
a: Renounce Religion, Evoke Blink


You were on level 8 of the Dungeon.
You worshipped Vehumet.
Vehumet was pleased with you.
You visited 2 branches of the dungeon, and saw 9 of its levels.

You collected 394 gold pieces.

Inventory:

Hand Weapons
 E - a +0 morningstar
 G - a +1 whip of freezing
 H - a +0 mace of venom
 J - a +2 short sword of protection
 N - a +2 spectral quarterstaff
 O - a +0 sling of flaming
 P - the +7 mace "Foskut" (weapon) {flame, +Blink Str+2 SInv}
   (You found it on level 8 of the Dungeon)

   Str:       It affects your strength (+2).
   SInv:      It lets you see invisible.
   +Blink:    It lets you blink.
Missiles
 h - 12 poisoned darts
 A - a curare-tipped dart
 C - 3 boomerangs
 D - a throwing net
Armour
 m - a +1 ring mail of cold resistance
 K - a +0 pair of boots (worn)
 L - +0 steam dragon scales (worn)
 M - a +1 leather armour of cold resistance
Jewellery
 r - a ring of wizardry (left hand)
 y - a ring of flight (right hand)
 Q - an amulet of faith
Wands
 z - a wand of flame (17)
 I - a wand of acid (1)
Scrolls
 e - a scroll of fear {unknown}
 f - a scroll of teleportation
 g - a scroll of torment
 i - 3 scrolls of vulnerability
 j - a scroll of summoning {unknown}
 k - a scroll of acquirement {unknown}
 n - a scroll of poison
 o - a scroll of silence
 s - a scroll of enchant weapon {unknown}
 u - a scroll of amnesia
 v - a scroll of fog
 w - a scroll of noise
 x - a scroll of blinking {unknown}
 B - 2 scrolls of immolation {unknown}
 R - a scroll of magic mapping {unknown}
Potions
 a - a potion of brilliance {unknown}
 b - a potion of magic
 c - a potion of attraction
 d - 4 potions of mutation
 l - 2 potions of might
 p - 2 potions of lignification
 q - 4 potions of curing
 t - a potion of ambrosia {unknown}
 F - a potion of berserk rage {unknown}


   Skills:
 + Level 1.7 Fighting
 - Level 1.5 Dodging
 - Level 2.1 Stealth
 - Level 2.0 Spellcasting
 - Level 5.0 Conjurations
 - Level 0.7 Transmutations
 * Level 16.5 Earth Magic


You had 3 spell levels left.
You knew the following spells:

 Your Spells              Type           Power      Damage    Failure   Level
a - Sandblast             Erth           100%       2d20      0%          1
b - Stone Arrow           Conj/Erth      90%        3d12      1%          3
c - Passwall              Tmut/Erth      30%        N/A       1%          2
d - Petrify               Tmut/Erth      36%        N/A       1%          4

Your spell library contained the following spells:

 Spells                   Type           Power      Damage    Failure   Level
 Magic Dart               Conj           88%        1d7       1%          1
 Sting                    Tmut/Pois      12%        1d3       6%          1
 Poisonous Vapours        Pois/Air       4%         N/A       10%         2
 Frozen Ramparts          Ice            4%         1d1       19%         3
 Portal Projectile        Hex/Tloc       4%         N/A       19%         3
 Tukima's Dance           Hex            2%         N/A       19%         3
 Ice Form                 Ice/Tmut       3%         N/A       45%         4
 Olgreb's Toxic Radiance  Pois           2%         N/A       50%         4
 Summon Ice Beast         Ice/Summ       2%         N/A       50%         4
 Summon Lightning Spire   Summ/Air       2%         N/A       50%         4
 Blade Hands              Tmut           2%         N/A       75%         5
 Storm Form               Tmut/Air       1%         N/A       100%        7
 Maxwell's Capacitive Co  Air            1%         ∞         100%        8


Dungeon Overview and Level Annotations

Branches:
Dungeon (8/15)             Temple (1/1) D:5
   Lair: D:8-11

Altars:
Ashenzari
Cheibriados
Elyvilon
Fedhas
Gozag
Makhleb
Nemelex Xobeh
Qazlal
Ru
Sif Muna
Trog
Uskayaw
Vehumet
Wu Jian
Xom
Yredelemnul
Zin
The Shining One

Shops:
D:3 *

Annotations:
D:6 2 transporters
D:8 exclusion: oklob plant


Innate Abilities, Weirdness & Mutations

You are immune to sickness and miasma.
Your stone body is resilient. (AC +7)
You are immune to poison.
You resist negative energy. (rN+)
You are resistant to electric shocks. (rElec)
You are resistant to unholy torment.
You are immune to petrification.


Message History

The yak completely misses you. The yak gores you. x2
The yak barely misses you.
The blast of sand hits the yak.
The yak is almost dead.
The yak gores you! The yak gores you but does no damage.
You thump the yak! You burn the yak.
You kill the yak!
Vehumet accepts your kill. The yak gores you.
You are too injured to fight recklessly!
You sock the yak! You burn the yak.
The yak is moderately wounded.
The yak gores you but does no damage. x2
Aiming: Sandblast (safe; 0% risk of failure)
Press: ? - help, Q - select action, (/) - cycle Shift-Dir - straight line, f - yak
Aim: a yak (moderately wounded, 91% to hit)
Okay, then.
Casting: Sandblast (safe; 0% risk of failure)
Confirm with . or Enter, or press ? or * to list all spells.
You don't have enough magic to cast this spell.
You hit the yak. You burn the yak.
The yak is moderately wounded.
The yak barely misses you.
Casting: Sandblast (safe; 0% risk of failure)
Confirm with . or Enter, or press ? or * to list all spells.
You don't have enough magic to cast this spell.
You hit the yak but do no damage.
The yak is moderately wounded.
The yak gores you! The yak gores you but does no damage.
You sock the yak! You burn the yak.
The yak is severely wounded.
The yak gores you!
* * * LOW HITPOINT WARNING * * *
Casting: Sandblast (safe; 0% risk of failure)
Confirm with . or Enter, or press ? or * to list all spells.
You don't have enough magic to cast this spell.
You thump the yak! You burn the yak.
The yak is almost dead.
The yak gores you!
You die...

♣ #.........##......###
##.
♣~##†.......###......#
#.. ♣!^.♣...≈...#
#......# #####..
♣♣♣♣♣.P≈....###......#
###......
#≈≈≈≈≈..............#
#........
#######.............#
#........
####.............#
#........
#................#
###....#.
#..........@†..).#
#...####.
#...........Y.##.###S###
##
#......####.....÷..YY#
#......# #.#####..Y>...#
#......# #.#......#.##.#
######## #.#.#....#.# #
#.# #....#.# #### #.#
#....+.# .... #..>.###
####


You could see a yak.

Vanquished Creatures
  Pikel (D:6)
  Joseph (D:7)
  Grinder (D:3)
  5 yaks (D:8)
  Eustachio (D:6)
  A steam dragon (D:7)
  3 water moccasins
  An orc warrior (D:6)
  3 ice beasts
  3 black bears
  3 centaurs
  4 lemures
  A phantom (D:4)
  2 kobold brigands
  2 scorpions
  2 bullfrogs
  An oklob sapling (D:8)
  A howler monkey (D:6)
  8 hounds
  2 orc priests
  2 gnoll boudas (D:6)
  3 sleepcaps
  Jessica (D:2)
  2 iguanas (D:5)
  Terence (D:2)
  An orc wizard (D:7)
  7 gnolls (D:6)
  8 adders
  A white imp (D:5)
  3 dart slugs
  20 orcs
  11 ball pythons
  4 endoplasms
  A giant cockroach (D:2)
  7 hobgoblins
  10 kobolds
  3 quokkas
  5 bats
  3 frilled lizards (D:3)
  4 goblins
  4 rats
147 creatures vanquished.

Vanquished Creatures (others)
  A gnoll (D:6)
1 creature vanquished.

Grand Total: 148 creatures vanquished

Notes
Turn   | Place    | Note
-------+----------+-------------------------------------------
     0 | D:1      | cheesebisquit the Gargoyle Earth Elementalist began the
                  | quest for the Orb.
     0 | D:1      | Reached XP level 1. HP: 10/10 MP: 3/3
   137 | D:1      | Reached skill level 4 in Earth Magic
   265 | D:1      | Found a faded altar of an unknown god.
   382 | D:1      | Reached XP level 2. HP: 15/15 MP: 3/5
   985 | D:2      | Noticed Jessica
   989 | D:2      | Killed Jessica
   990 | D:2      | Reached skill level 5 in Earth Magic
   990 | D:2      | Reached XP level 3. HP: 19/19 MP: 4/6
  1506 | D:2      | Reached XP level 4. HP: 24/24 MP: 4/7
  1533 | D:2      | Noticed Terence
  1540 | D:2      | Killed Terence
  1541 | D:2      | Reached skill level 6 in Earth Magic
  1916 | D:3      | Found Jeivex's Assorted Antiques.
  2150 | D:3      | Found a blossoming altar of Fedhas.
  2199 | D:3      | Noticed Grinder
  2204 | D:3      | Paralysed by Grinder for 5 turns
  2216 | D:3      | Killed Grinder
  2217 | D:3      | Reached skill level 8 in Earth Magic
  2217 | D:3      | Reached XP level 5. HP: 17/28 MP: 1/8
  2217 | D:3      | Reached XP level 6. HP: 19/32 MP: 1/9
  2319 | D:3      | You fall into a shaft and drop 3 floors!
  2374 | D:6      | Noticed a black bear
  2528 | D:6      | Noticed Pikel
  2537 | D:5      | Entered Level 5 of the Dungeon
  3088 | D:4      | Learned a level 3 spell: Stone Arrow
  3091 | D:4      | Learned a level 2 spell: Passwall
  4015 | D:3      | Found a blossoming altar of Fedhas.
  4055 | D:3      | Found Jeivex's Assorted Antiques.
  4816 | D:4      | Reached skill level 9 in Earth Magic
  5043 | D:4      | Reached XP level 7. HP: 36/36 MP: 6/10
  5257 | D:5      | Reached skill level 10 in Earth Magic
  5262 | D:5      | Learned a level 4 spell: Petrify
  6434 | D:5      | Reached skill level 11 in Earth Magic
  6434 | D:5      | Reached XP level 8. HP: 38/41 MP: 3/11
  7808 | D:5      | Found an ornate altar of the Wu Jian Council.
  7808 | D:5      | Found a broken altar of Ashenzari.
  7828 | D:5      | Reached skill level 12 in Earth Magic
  7871 | D:5      | Found a sacrificial altar of Ru.
  7872 | D:5      | Found a radiant altar of Vehumet.
  7883 | D:5      | Became a worshipper of Vehumet
  8084 | D:5      | Found a staircase to the Ecumenical Temple.
  8090 | Temple   | Entered the Ecumenical Temple
  8369 | D:6      | Noticed Eustachio
  8376 | D:6      | Killed Eustachio
  8377 | D:6      | Reached skill level 13 in Earth Magic
  8430 | D:6      | Found a transporter.
  8493 | D:6      | Killed Pikel
  8494 | D:6      | Reached skill level 14 in Earth Magic
  8494 | D:6      | Reached XP level 9. HP: 31/45 MP: 9/12
  8967 | D:6      | Reached skill level 1 in Conjurations
  9233 | D:6      | Found a transporter.
  9398 | D:7      | Reached skill level 15 in Earth Magic
  9606 | D:7      | Reached * piety under Vehumet
  9606 | D:7      | Offered knowledge of Kiss of Death by Vehumet.
 10119 | D:7      | Noticed Joseph
 10125 | D:7      | Killed Joseph
 10126 | D:7      | Reached XP level 10. HP: 20/50 MP: 7/13
 10540 | D:8      | Identified the +7 mace "Foskut" {flame, +Blink Str+2 SInv}
 10733 | D:8      | Reached skill level 16 in Earth Magic
 10830 | D:8      | Reached skill level 5 in Conjurations
 11007 | D:8      | Noticed an oklob plant
 11129 | D:8      | Reached skill level 1 in Fighting
 11188 | D:8      | Offered knowledge of Magic Dart by Vehumet.
 11195 | D:8      | Reached ** piety under Vehumet
 11200 | D:8      | Slain by a yak

Illustrated notes

Levels and vault maps discovered:
D:1:      noname_arrival_rooms_in_the_neighbourhood, layout_loops_corners,
          shapermc_ecumenical_altar_acropolis
D:2:      layout_loops_ring, uniq_terence, uniq_jessica
D:3:      layout_loops_ring, mainiacjoe_overflow_concentric_impassable,
          serial_shops, nicolae_square_shop, uniq_grinder
D:4:      cheibrodos_thug_alley, layout_loops_ring,
          eino_small_chamber_without_monster
D:5:      layout_rooms, gammafunk_temple_overflow_elements,
          mainiacjoe_overflow_catwalk_spiral, minmay_temple_entry_statues,
          kennysheep_generic_room_11
D:6:      gammafunk_cloud_chamber, layout_basic, uniq_eustachio, uniq_pikel
D:7:      layout_basic, uniq_joseph
D:8:      layout_basic, introduction_to_nature_1
Temple:   nicolae_temple_god_jail

Skill      XL: |  1  2  3  4  5  6  7  8  9 10 |
---------------+-------------------------------+-----
Earth Magic    | 4 5 8 9 11 14 15 16 | 16.5
Conjurations   | 4 5 |  5.0
Fighting       | 1 |  1.7
Dodging        | |  1.5
Stealth        | |  2.1
Spellcasting   | |  2.0
Transmutations | |  0.7

Action                     |  1- 3 |  4- 6 |  7- 9 | 10-12 || total
---------------------------+-------+-------+-------+-------++-------
  Melee: Mace              |       |       |       |     9 ||     9
   Cast: Sandblast         |    30 |    46 |   118 |    45 ||   239
         Stone Arrow       |       |     4 |     3 |    12 ||    19
    Use: Scroll            |       |     8 |     7 |     1 ||    16
         Potion            |       |     2 |     2 |     2 ||     6
 Armour: Robe              |     1 |    10 |    23 |       ||    34
         Steam dragon scal |       |       |     1 |    19 ||    20
  Dodge: Dodged            |     1 |    13 |    57 |    27 ||    98
